 Dungeon Crawl Stone Soup version 0.30-a0-534-gdc55766716 (webtiles) character file.

Game seed: 2698263225199083953

24357 drugrobin the Brawler (level 12, -6/100 HPs)
             Began as a Demigod Delver on Dec 25, 2022.
             Mangled by a black mamba (12 damage)
             ... on level 3 of the Lair of Beasts.
             The game lasted 00:49:25 (16780 turns).

drugrobin the Brawler (Demigod Delver)             Turns: 16780, Time: 00:49:26

Health: -6/100     AC: 11    Str: 21    XL:     12   Next: 45%
Magic:  18/18      EV: 11    Int: 16    God:
Gold:   1449       SH:  7    Dex: 25    Spells: 7/15 levels left

rFire   . . .      SeeInvis .      - Unarmed
rCold   + . .      Faith    .    o - +2 buckler {rC+}
rNeg    . . .      Spirit   .    P - +2 swamp dragon scales
rPois   +          Reflect  .    (helmet currently unavailable)
rElec   .          Harm     .    d - +0 cloak
rCorr   .          Rampage  .    t - +0 pair of gloves
Will    +....                    (boots currently unavailable)
Stlth   +++                      h - amulet of regeneration
HPRegen 1.16/turn                w - +6 ring of dexterity
MPRegen 0.16/turn                J - +4 ring of slaying

@: lethally poisoned (-6 -> -7), appendages, hasted, very quick
A: horns 2, talons 2, high MP 1, forlorn, divine attributes
a: End Transformation


You were on level 3 of the Lair of Beasts.
You had temporarily grown beastly horns and talons.
You visited 2 branches of the dungeon, and saw 15 of its levels.
You also visited: Ice Cave.

You collected 1823 gold pieces.
You spent 374 gold pieces at shops.

Inventory:

Missiles
 g - 40 poisoned darts (quivered)
 F - a curare-tipped dart
Armour
 d - a +0 cloak (worn)
 m - the +1 robe of the King of the Hill {rElec rPois rF- Regen+}
   (You found it on level 3 of the Lair of Beasts)

   rF:        It makes you vulnerable to fire.
   rElec:     It insulates you from electricity.
   rPois:     It protects you from poison.
   Regen:     It increases your rate of health regeneration.
 o - a +2 buckler of cold resistance (worn)
 t - a +0 pair of gloves (worn)
 v - a +0 helmet (melded)
 I - +0 fire dragon scales
 P - +2 swamp dragon scales (worn)
Jewellery
 h - an amulet of regeneration (around neck)
 w - a +6 ring of dexterity (left hand)
 J - a +4 ring of slaying (right hand)
Wands
 b - a wand of iceblast (11)
 p - a wand of paralysis (15)
 z - a wand of flame (6)
 M - a wand of polymorph (5)
Scrolls
 a - a scroll of enchant weapon
 c - 4 scrolls of magic mapping
 f - a scroll of vulnerability
 j - a scroll of fog
 n - 5 scrolls of identify
 s - a scroll of poison
 A - 7 scrolls of teleportation
 D - 2 scrolls of summoning
 E - a scroll of immolation
Potions
 e - 3 potions of haste
 i - a potion of cancellation {unknown}
 k - 7 potions of curing
 u - 5 potions of attraction
 B - a potion of flight
 C - a potion of magic
 G - a potion of heal wounds
 K - 5 potions of might
 L - a potion of resistance
Miscellaneous
 l - a condenser vane


   Skills:
 + Level 7.5 Fighting
 - Level 1.7 Dodging
 - Level 4.5 Stealth
 - Level 16.9 Unarmed Combat
 - Level 2.1 Spellcasting
 * Level 5.8 Transmutations
 - Level 4.0 Evocations


You had 7 spell levels left.
You knew the following spells:

 Your Spells              Type           Power      Damage    Failure   Level
a - Blade Hands           Tmut           10%        N/A       75%         5
b - Beastly Appendage     Tmut           40%        N/A       4%          1
c - Wereblood             Tmut           20%        N/A       6%          2

Your spell library contained the following spells:

 Spells                   Type           Power      Damage    Failure   Level
 Spider Form              Tmut/Pois      11%        N/A       38%         3
 Slow                     Hex            4%         N/A       43%         1
 Call Canine Familiar     Summ           1%         N/A       80%         3
 Confusing Touch          Hex            1%         N/A       80%         3
 Frozen Ramparts          Ice            2%         1d1       80%         3
 Inner Flame              Hex/Fire       1%         N/A       80%         3
 Portal Projectile        Hex/Tloc       2%         N/A       80%         3
 Vampiric Draining        Necr           1%         2d6       80%         3
 Ice Form                 Ice/Tmut       11%        N/A       80%         4
 Irradiate                Conj/Tmut      5%         3d13      98%         5
 Cause Fear               Hex            0%         N/A       99%         4
 Leda's Liquefaction      Hex/Erth       0%         N/A       99%         4
 Summon Ice Beast         Ice/Summ       1%         N/A       99%         4
 Freezing Cloud           Conj/Ice/Air   0%         6-21      100%        5
 Summon Forest            Summ/Tloc      0%         N/A       100%        5
 Eringya's Noxious Bog    Tmut/Pois      5%         N/A       100%        6
 Simulacrum               Ice/Necr       0%         N/A       100%        6
 Dragon Form              Tmut           10%        N/A       100%        7
 Summon Hydra             Summ           0%         N/A       100%        7
 Discord                  Hex            0%         N/A       100%        8
 Polar Vortex             Ice            0%         N/A       100%        9


Dungeon Overview and Level Annotations

Branches:
Dungeon (12/15)            Temple (0/1) D:6            Lair (3/5) D:10
  Swamp (0/4) Lair:2        Snake (0/4) Lair:3          Orc (0/2) D:9
  IceCv (visited)

Shops:
D:1 (   D:6 ?   D:9 ?:   D:10 *:(

Annotations:
D:4 1 runed translucent door, arthad's ghost, amateur GnTm
D:5 exclusion: ogre
D:10 1 runed translucent door, gelatine's ghost, journeyman DsVM
Lair:3 exclusion: oklob plant


Innate Abilities, Weirdness & Mutations

You have temporarily grown beastly horns and talons.
You have an increased reservoir of magic. (+10% MP)
You shall have no god before yourself.
Your divine heritage dramatically boosts your attributes as you level up.


Message History

* * * LOW HITPOINT WARNING * * *
The eight-headed hydra bites you but does no damage. x2
The black mamba bites you!
* * * LOW HITPOINT WARNING * * *
Unknown command.
Unknown command.
Unknown command.
Unknown command.
Unknown command.
Okay, then.
You feel much better.
You feel sick.
The black mamba bites you but does no damage.
The eight-headed hydra bites you but does no damage.
The eight-headed hydra barely misses you.
The eight-headed hydra bites you but does no damage.
The eight-headed hydra bites you.
* * * LOW HITPOINT WARNING * * *
The eight-headed hydra bites you.
* * * LOW HITPOINT WARNING * * *
The eight-headed hydra completely misses you.
The eight-headed hydra bites you but does no damage.
The eight-headed hydra bites you!
* * * LOW HITPOINT WARNING * * *
Unknown command.
Unknown command.
Unknown command.
Unknown command.
Okay, then.
Okay, then.
Okay, then.
Okay, then.
Casting: Beastly Appendage (safe; 4% risk of failure)
Confirm with . or Enter, or press ? or * to list all spells.
Okay, then.
Unknown command.
Unknown command.
Unknown command.
Unknown command.
You feel yourself speed up.
You feel sick. The black mamba bites you!
You die...

................###.#.#####.....
..............>..............##♣
.................(............P#~
...............................#.
##.....#.##P###.#.P###.........##
##....###### ###.## #P#########
##.......#############
...:....#.#.D...##P.###
...........S@........####
......................#.###
....###..................P# #..
#...................## #
##.........[.........#
#................)..##
##..............<.....#
#.....................#
#....................##


You could see an eight-headed hydra and a black mamba.

Vanquished Creatures
  3 hydras
  A two-headed ogre (D:8)
  A boulder beetle (Lair:2)
  Pikel (D:8)
  2 bog bodies (IceCv)
  A wolf spider (Lair:1)
  An ugly thing (D:7)
  A cyclops (D:11)
  2 black mambas (Lair:2)
  5 elephants (Lair:2)
  An ice statue (IceCv)
  A gargoyle (D:12)
  Maggie (D:7)
  6 cane toads
  A rime drake (Lair:3)
  8 komodo dragons
  2 trolls
  2 hornets
  3 slime creatures (D:12)
  3 dire elephant simulacra (IceCv)
  10 yaks
  3 wraiths
  2 wyverns
  A basilisk (Lair:3)
  A steam dragon (D:9)
  A harpy simulacrum (IceCv)
  2 nagas (Lair:3)
  A swamp worm (Lair:2)
  Menkaure (D:5)
  6 water moccasins
  4 orc warriors
  A sky beast (D:6)
  2 ice beasts
  2 black bears
  10 wolves (Lair:1)
  An ogre (D:6)
  6 centaurs
  A lemure (D:7)
  5 kobold brigands
  8 bullfrogs
  A necrophage (D:5)
  5 cane toad simulacra (IceCv)
  8 two-headed ogre simulacra (IceCv)
  4 scorpions
  3 wights (D:8)
  3 killer bees (D:9)
  An elephant simulacrum (IceCv)
  4 electric eels (D:7)
  2 howler monkeys
  A lava snake (D:9)
  8 orc priests
  3 hounds
  Crazy Yiuf (D:5)
  2 jellies (D:7)
  9 orc wizards
  Ijyb (D:4)
  3 iguanas
  2 troll simulacra (IceCv)
  4 spriggan simulacra (IceCv)
  5 wolf simulacra (IceCv)
  Robin (D:1)
  10 adders
  A gnoll (D:1)
  8 naga simulacra (IceCv)
  A shadow imp (D:7)
  20 white imps
  3 ufetubi (IceCv)
  A dart slug (D:4)
  25 orcs
  8 endoplasms
  4 giant cockroaches
  15 goblins
  10 hobgoblins
  6 jackals
  26 kobolds
  3 quokkas
  11 ball pythons
  13 bats
  A frilled lizard (D:1)
  7 rats
358 creatures vanquished.

Vanquished Creatures (others)
  An orc (D:10)
  A bush (Lair:2)
  18 fungi
  70 plants
90 creatures vanquished.

Grand Total: 448 creatures vanquished

Notes
Turn   | Place    | Note
-------+----------+-------------------------------------------
     0 | D:5      | drugrobin the Demigod Delver began the quest for the Orb.
     0 | D:5      | Reached XP level 1. HP: 18/18 MP: 3/3
     7 | D:5      | Noticed an ice beast
    18 | D:5      | Noticed an iguana
    76 | D:5      | Noticed a water moccasin
    88 | D:5      | Noticed an ogre
   251 | D:5      | Reached skill level 2 in Unarmed Combat
   328 | D:5      | Noticed an orc priest
   454 | D:4      | Reached XP level 2. HP: 24/25 MP: 4/4
   607 | D:4      | Found a runed translucent door.
   836 | D:4      | Reached skill level 3 in Unarmed Combat
  1253 | D:4      | Noticed arthad's ghost (amateur GnTm)
  1350 | D:3      | Reached XP level 3. HP: 30/30 MP: 5/5
  1472 | D:1      | Reached skill level 4 in Unarmed Combat
  1741 | D:1      | Reached XP level 4. HP: 36/37 MP: 6/6
  1777 | D:1      | Found Xerrol's Antique Weapon Boutique.
  2503 | D:2      | Noticed Robin
  2630 | D:1      | Killed Robin
  3151 | D:3      | Reached skill level 5 in Unarmed Combat
  3187 | D:3      | Reached XP level 5. HP: 42/42 MP: 7/7
  3751 | D:5      | Noticed Ijyb
  3755 | D:5      | Noticed Menkaure
  3759 | D:5      | Killed Menkaure
  3760 | D:5      | Reached skill level 6 in Unarmed Combat
  3760 | D:5      | Reached XP level 6. HP: 47/50 MP: 8/8
  3814 | D:4      | Killed Ijyb
  4103 | D:5      | Killed a water moccasin
  4104 | D:5      | Reached skill level 7 in Unarmed Combat
  4402 | D:5      | Reached XP level 7. HP: 32/56 MP: 9/9
  4536 | D:5      | Found a runed translucent door.
  4537 | D:5      | Noticed Crazy Yiuf
  5035 | D:6      | Reached skill level 8 in Unarmed Combat
  5178 | D:6      | Found Temoo's Magic Scroll Boutique.
  5313 | D:6      | Bought a scroll of identify for 22 gold pieces
  5313 | D:6      | Bought a scroll of teleportation for 33 gold pieces
  5313 | D:6      | Bought a scroll of immolation for 44 gold pieces
  5313 | D:6      | Bought a scroll of enchant weapon for 82 gold pieces
  5313 | D:6      | Bought a scroll of identify for 22 gold pieces
  5644 | D:6      | Reached skill level 9 in Unarmed Combat
  5749 | D:6      | Reached XP level 8. HP: 60/62 MP: 10/10
  5990 | D:6      | Found a staircase to the Ecumenical Temple.
  6303 | D:6      | Bought 3 scrolls of identify for 66 gold pieces
  6420 | D:5      | Paralysed by Crazy Yiuf for 4 turns
  6426 | D:5      | Killed Crazy Yiuf
  6746 | D:6      | Reached skill level 10 in Unarmed Combat
  7064 | D:7      | Noticed Maggie
  7225 | D:7      | Noticed a troll
  7366 | D:7      | Killed Maggie
  7367 | D:7      | Reached skill level 11 in Unarmed Combat
  7516 | D:7      | Killed a troll
  7517 | D:7      | Reached XP level 9. HP: 11/68 MP: 11/11
  8029 | D:7      | Noticed a white ugly thing
  8045 | D:7      | HP: 3/68 [white ugly thing (23)]
  8200 | D:7      | Reached skill level 12 in Unarmed Combat
  8648 | D:7      | Noticed Pikel
  8665 | D:8      | Killed Pikel
  8666 | D:8      | Reached skill level 13 in Unarmed Combat
  9017 | D:8      | Noticed a two-headed ogre
  9027 | D:8      | Killed a two-headed ogre
  9028 | D:8      | Reached XP level 10. HP: 57/74 MP: 13/13
  9404 | D:8      | Reached skill level 14 in Unarmed Combat
  9663 | D:7      | Killed a white ugly thing
 10134 | D:9      | Found a staircase to the Orcish Mines.
 10292 | D:9      | Found Usokkell's Vocational Training.
 10713 | D:9      | Found Daunyxtu's Magic Scroll Shoppe.
 10765 | D:9      | Bought a scroll of identify for 30 gold pieces
 10765 | D:9      | Bought a scroll of identify for 30 gold pieces
 10765 | D:9      | Bought a scroll of teleportation for 45 gold pieces
 10805 | D:10     | Entered Level 10 of the Dungeon
 10845 | D:10     | Found Dimym's General Store.
 11005 | D:10     | Found a staircase to the Lair.
 11095 | D:10     | Found Dagily's Weapon Boutique.
 11139 | D:10     | Found a runed translucent door.
 11147 | D:10     | Noticed gelatine's ghost (journeyman DsVM)
 11149 | D:10     | Identified the +3 trident "Alioseas" {speed, rN++ Int+5
                  | Dex+2}
 11233 | D:10     | Reached skill level 1 in Evocations
 11272 | D:10     | Found Koonauteu's Book Shop.
 11761 | D:10     | Reached skill level 1 in Spellcasting
 12468 | D:11     | Noticed a cyclops
 12486 | D:11     | Killed a cyclops
 12487 | D:11     | Reached skill level 15 in Unarmed Combat
 12642 | D:12     | Found a frozen archway.
 12763 | IceCv    | Entered an ice cave
 12947 | IceCv    | Noticed an ice statue
 13038 | IceCv    | Killed an ice statue
 13165 | IceCv    | Reached XP level 11. HP: 83/83 MP: 17/17
 13305 | IceCv    | Identified the +4 flail of Risk Management {vorpal, Str+3
                  | Dex+7}
 13544 | IceCv    | HP: 2/84 [dire elephant simulacrum (21)]
 13720 | IceCv    | Noticed a bog body
 13721 | IceCv    | Noticed a bog body
 13739 | IceCv    | Killed a bog body
 13836 | IceCv    | Killed a bog body
 14145 | Lair:1   | Entered Level 1 of the Lair of Beasts
 14152 | Lair:1   | Identified a scroll of acquirement
 14153 | Lair:1   | Acquired 750 gold pieces
 14218 | Lair:1   | Reached skill level 5 in Fighting
 14488 | Lair:1   | Reached skill level 16 in Unarmed Combat
 14505 | Lair:1   | Learned a level 5 spell: Blade Hands
 14520 | Lair:1   | Identified the +1 robe of a volcano {Str+3 Int-4 Slay+3}
 14967 | Lair:2   | Reached skill level 1 in Transmutations
 15082 | Lair:2   | Noticed a four-headed hydra
 15090 | Lair:2   | Killed a four-headed hydra
 15104 | Lair:2   | Noticed a seven-headed hydra
 15338 | Lair:2   | Learned a level 1 spell: Beastly Appendage
 15341 | Lair:2   | Learned a level 2 spell: Wereblood
 15417 | Lair:2   | Noticed a boulder beetle
 15440 | Lair:2   | Reached XP level 12. HP: 59/97 MP: 16/18
 15458 | Lair:2   | Killed a boulder beetle
 15649 | Lair:2   | Killed a seven-headed hydra
 16003 | Lair:2   | Found a staircase to the Swamp.
 16287 | Lair:3   | Identified the +1 robe "Izoj" {rF+ Regen+}
 16413 | Lair:3   | Found a staircase to the Snake Pit.
 16425 | Lair:3   | Reached skill level 5 in Transmutations
 16491 | Lair:3   | Noticed a seven-headed hydra
 16502 | Lair:3   | Killed a seven-headed hydra
 16741 | Lair:3   | Identified the +1 robe of the King of the Hill {rElec rPois
                  | rF- Regen+}
 16755 | Lair:3   | Noticed an eight-headed hydra
 16778 | Lair:3   | HP: 2/100 [black mamba (7)]
 16780 | Lair:3   | Mangled by a black mamba

Illustrated notes

Levels and vault maps discovered:
D:1:      ncdulo_halloftheorcs, layout_loops_ring, serial_shops,
          nicolae_shop_advertising_works [nicolae_subvault_shop_adworks]
D:2:      layout_rooms, serial_bayou_pond_e, uniq_robin
D:3:      layout_basic, mainiacjoe_overflow_six_doors_small,
          minmay_misc_feat_tiny, minmay_checkerbox
D:4:      layout_loops_ring, ebering_ghost_reflecting_pool
D:5:      layout_basic, mainiacjoe_overflow_brackets, serial_bayou_pond_c,
          hangedman_decor_peaks_small, dreamdust_princess_bridge, uniq_menkaure,
          uniq_crazy_yiuf_cottage, uniq_ijyb
D:6:      layout_loops_ring, lemuel_coloured_pillars_altar,
          mainiacjoe_overflow_small_starburst, minmay_temple_entry_purple_smoke,
          serial_shops, nicolae_stop_n_shop_2, chequers_serial_rivers_marsh,
          hangedman_decor_diamond_cutter
D:7:      hangedman_cross_stitches, layout_rooms, chequers_big_river,
          grunt_decor_mini_mirrors, grunt_decor_one_mirror, uniq_pikel,
          uniq_maggie
D:8:      layout_basic, gammafunk_temple_overflow_wave,
          hangedman_decor_slide_cut, minivault_10, minmay_statues_item,
          chequers_serial_rivers_marsh
D:9:      layout_basic, orc_0_dummy, kennysheep_diamond, nicolae_shop_vocational
D:10:     minmay_general_purpose_star, layout_small_grid, dpeg_oklobed_lair,
          serial_shops, nicolae_shop_hallway_stairs, shop_statue, shop,
          ebering_ghost_funeral_grove, minmay_misc_feat_tower,
          lemuel_flamethrower_2
D:11:     layout_basic
D:12:     layout_basic, portal_ice_cave_entry_imps, billiards_dpeg
Lair:1:   gammafunk_indiana_jones, layout_misc_corridors,
          pdpol_lair_neglected_garden
Lair:2:   minmay_lair_venomous_thicket, layout_gridlike,
          palyth_hydra_swamp_entry
Lair:3:   layout_cave_pods, guppyfry_snake_entry_garden, dpeg_oklob_1,
          serial_bayou_shore_b

Skill      XL: |  1  2  3  4  5  6  7  8  9 10 11 12 |
---------------+-------------------------------------+-----
Unarmed Combat | 2 3 4 5 6 7 9 11 13 15 16 | 16.9
Fighting       | 3 6 7 |  7.5
Evocations     | 2 4 |  4.0
Spellcasting   | 2 |  2.1
Transmutations | 2 5 |  5.8
Dodging        | |  1.7
Stealth        | |  4.5

Action                   |  1- 3 |  4- 6 |  7- 9 | 10-12 || total
-------------------------+-------+-------+-------+-------++-------
Melee: Unarmed           |    53 |    61 |   334 |   524 ||   972
       Short sword       |    76 |   181 |     7 |       ||   264
       Punch             |     1 |    15 |    25 |    17 ||    58
       Kick              |       |       |       |    30 ||    30
       Headbutt          |       |       |       |    15 ||    15
Throw: Stone             |     1 |       |       |       ||     1
       Dart              |    13 |     6 |    44 |    32 ||    95
 Cast: Beastly Appendage |       |       |       |    10 ||    10
       Wereblood         |       |       |       |     1 ||     1
Evoke: Wand              |     3 |     5 |    15 |    40 ||    63
  Use: Scroll            |     1 |     1 |    16 |     9 ||    27
       Potion            |       |       |     1 |     7 ||     8
 Stab: Sleeping          |     6 |     9 |     8 |     7 ||    30
       Paralysed         |       |       |     3 |     7 ||    10
       Distracted        |       |       |     2 |     1 ||     3
Armor: Leather armour    |    20 |    23 |       |       ||    43
       Ring mail         |       |    82 |    54 |       ||   136
       Swamp dragon scal |       |       |     1 |    64 ||    65
       Troll leather arm |       |       |    17 |    54 ||    71
Dodge: Dodged            |    61 |   163 |   174 |   293 ||   691
Block: Buckler           |       |       |       |   111 ||   111

Table legend: (Time is in decaauts)
 A = Elapsed time spent in this place.
 B = Non-inter-level travel time spent in this place.
 C = Inter-level travel time spent in this place.
 D = Time resting spent in this place.
 E = Time spent auto-exploring this place.
 F = Levels seen in this place.
 G = Mean time per level.
                   A        B        C        D        E       F      G
               +--------+--------+--------+--------+--------+-----+--------+
         Total |  16599 |  15589 |   1010 |   2015 |   9128 |  16 | 1037.4 |
       Dungeon |  12694 |  11801 |    893 |   1400 |   7396 |  12 | 1057.8 |
          Lair |   2587 |   2471 |    116 |    300 |   1411 |   3 |  862.3 |
      Ice Cave |   1317 |   1317 |      0 |    315 |    321 |   1 | 1317.0 |
               +--------+--------+--------+--------+--------+-----+--------+

Top non-repeatable levels by time:
     D:6: 2306 daAuts
     D:5: 1925 daAuts
   IceCv: 1317 daAuts
     D:7: 1100 daAuts
     D:8: 1100 daAuts
  Lair:2: 1041 daAuts
     D:4: 1027 daAuts
  Lair:1: 1010 daAuts
    D:10: 1000 daAuts
     D:1: 993 daAuts
     D:3: 883 daAuts
    D:11: 825 daAuts
     D:9: 815 daAuts
  Lair:3: 535 daAuts
     D:2: 510 daAuts
